 Dungeon Crawl Stone Soup version 0.28-a0-863-g8cecda6153 (webtiles) character file.

Game seed: 5556727126380254379

177 kae the Insei (level 5, -3/42 HPs)
             Began as a Draconian Transmuter on Nov 18, 2021.
             Killed by nerve-wracking pain
             ... invoked by Grinder
              (14 damage)
             ... while paralysed by Grinder
             ... on level 3 of the Dungeon.
             The game lasted 00:02:00 (2638 turns).

kae the Insei (Draconian Transmuter)                Turns: 2638, Time: 00:02:01

Health: -3/42      AC:  2    Str: 12    XL:     5   Next: 30%
Magic:  6/9        EV:  5    Int: 14    God:
Gold:   17         SH:  0    Dex: 17    Spells: 5/9 levels left

rFire   . . .      SeeInvis .     - Unarmed
rCold   . . .      Faith    .   (shield currently unavailable)
rNeg    . . .      Spirit   .   (armour unavailable)
rPois   x          Reflect  .   (helmet currently unavailable)
rElec   .          Harm     .   (cloak currently unavailable)
rCorr   .          Rampage  .   (gloves currently unavailable)
Will    .....                   (boots currently unavailable)
Stlth   ++........              (no amulet)
HPRegen 0.14/turn               (no ring)
MPRegen 0.11/turn               (no ring)

@: paralysed, spider-form
A: venomous fangs, AC +5, tiny, unfitting armour, (cold-blooded)
a: End Transformation


You were on level 3 of the Dungeon.
You were a venomous arachnid creature.
You visited 1 branch of the dungeon, and saw 3 of its levels.

You collected 61 gold pieces.
You spent 44 gold pieces at shops.

Inventory:

Scrolls
 a - 4 scrolls of identify


   Skills:
 + Level 2.3 Fighting
 + Level 2.4 Dodging
 * Level 4.1 Unarmed Combat
 + Level 2.6 Spellcasting
 + Level 2.8 Transmutations
 * Level 1.4 Poison Magic


You had 5 spell levels left.
You knew the following spells:

 Your Spells              Type           Power      Damage    Failure   Level
a - Beastly Appendage     Tmut           18%        N/A       19%         1
b - Spider Form           Tmut/Pois      7%         N/A       50%         3

Your spell library contained the following spells:

 Spells                   Type           Power      Damage    Failure   Level
 Wereblood                Tmut           9%         N/A       26%         2
 Passwall                 Tmut/Erth      4%         N/A       38%         2
 Swiftness                Air            1%         N/A       77%         3
 Ice Form                 Ice/Tmut       5%         N/A       90%         4


Dungeon Overview and Level Annotations

Branches:
Dungeon (3/15)

Altars:
Cheibriados

Shops:
D:2 ?

Annotations:
D:3 1 runed translucent door, Grinder; sastreii's ghost, amateur GnGl


Innate Abilities, Weirdness & Mutations

You are a venomous arachnid creature.
You have poisonous fangs.
You are tiny and dextrous.
Your spellcasting is less reliable in this form.
Your armour is entirely melded.
You are incapable of wielding weapons or throwing items.
((Your plain brown scales are hard. (AC +5)))
You cannot fit into any form of body armour.
((You are cold-blooded and may be slowed by cold attacks.))


Message History

You hit the endoplasm but do no damage. You tail-slap the endoplasm.
The endoplasm is severely wounded.
The endoplasm freezes you.
You are frozen.
You feel yourself slow down.
You hit the endoplasm but do no damage. You claw the endoplasm.
You kill the endoplasm!
Grinder is nearby!
Your transformation is almost over.
You feel yourself speed up.
Grinder blinks!
You hit Grinder. You claw Grinder.
Your tail-slap misses Grinder.
Grinder is moderately wounded.
Grinder gestures at you.
You suddenly lose the ability to move!
Grinder hits you!
You writhe in agony.
Grinder hits you. Grinder hits you.
You writhe in agony.
Grinder hits you.
You writhe in agony.
* * * LOW HITPOINT WARNING * * *
You can move again.
Unknown command.
Unknown command.
Unknown command.
As you read the scroll labelled OCRAUBLUFOE, it crumbles to dust.
You hear a loud clanging noise!
It was a scroll of noise.
Grinder barely misses you.
Okay, then.
You aren't carrying any potions.
Casting: Beastly Appendage (safe; 7% risk of failure)
Confirm with . or Enter, or press ? or * to list all spells.
The spell is quite dangerous to cast (28% risk of failure)!
Continue anyway? [Y]es or [N]o only, please.
The spell is quite dangerous to cast (28% risk of failure)!
Continue anyway?
Your horns disappear.
Your talons disappear.
You turn into a venomous arachnid creature.
Grinder blinks!
Grinder gestures at you.
You suddenly lose the ability to move!
Grinder gestures at you. Pain shoots through your body!
You die...

♣!.W#.........#
...##.........#
..##..........#
.##....##.....#####
+#......#####.....#### ...
....##..# #######....#....
........###.........5.....
#...##....#..........#....
.....)...<#.....s....# ...
#...#)....###.######.....
#...#.........##### ##.>.
..............).)<# #...
#.................# ###
#.................#
#...#.##..........##
...##.##...........####
.##...##..............#


You could see Grinder.

Vanquished Creatures
  An ogre (D:3)
  4 adders (D:2)
  2 worms (D:2)
  An orc (D:3)
  4 bats
  9 endoplasms
  6 giant cockroaches
  4 goblins
  4 hobgoblins
  2 kobolds
  5 ball pythons
  2 frilled lizards (D:1)
  4 rats
  A spectral goblin (D:1)
49 creatures vanquished.

Notes
Turn   | Place    | Note
-------+----------+-------------------------------------------
     0 | D:1      | kae the Draconian Transmuter began the quest for the Orb.
     0 | D:1      | Reached XP level 1. HP: 16/16 MP: 3/3
   457 | D:1      | Reached XP level 2. HP: 23/23 MP: 3/5
   486 | D:1      | Found a faded altar of an unknown god.
  1272 | D:2      | Reached XP level 3. HP: 24/29 MP: 4/6
  1305 | D:2      | Learned a level 3 spell: Spider Form
  1432 | D:2      | Found a snail-covered altar of Cheibriados.
  1679 | D:2      | Found Fapokka's Magic Scroll Boutique.
  1684 | D:2      | Bought a scroll of identify for 22 gold pieces
  1684 | D:2      | Bought a scroll of identify for 22 gold pieces
  1876 | D:2      | Reached XP level 4. HP: 31/36 MP: 3/7
  2325 | D:3      | Noticed an ogre
  2329 | D:3      | Killed an ogre
  2330 | D:3      | Reached skill level 4 in Unarmed Combat
  2330 | D:3      | Reached skill level 1 in Poison Magic
  2330 | D:3      | Reached XP level 5. HP: 41/41 MP: 4/8
  2433 | D:3      | Found a runed translucent door.
  2608 | D:3      | Noticed sastreii's ghost (amateur GnGl)
  2623 | D:3      | Noticed Grinder
  2629 | D:3      | Paralysed by Grinder for 4 turns
  2637 | D:3      | Paralysed by Grinder for 3 turns
  2638 | D:3      | Killed from afar by Grinder

Illustrated notes

Levels and vault maps discovered:
D:1:      heliophobic_arrival_dark_side_of_the_moon, layout_loops_ring,
          dreamdust_ecumenical_altar_drowned_temple
D:2:      layout_basic, basic_altar, serial_shops, nicolae_shop_hallway_stairs,
          chequers_big_river
D:3:      layout_rooms, hellmonk_ghost_happy_afterlife, uniq_grinder

Skill      XL: |  1  2  3  4 |
---------------+-------------+-----
Dodging        | 2 |  2.4
Fighting       | 2 |  2.3
Unarmed Combat | 4 |  4.1
Poison Magic   | 1 |  1.4
Spellcasting   | |  2.6
Transmutations | |  2.8

Action                   |  1- 3 |  4- 6 || total
-------------------------+-------+-------++-------
Melee: Unarmed           |    79 |    44 ||   123
       Kick              |    18 |     5 ||    23
       Headbutt          |     9 |     2 ||    11
       Tailslap          |     6 |     2 ||     8
       Punch             |     1 |       ||     1
 Cast: Beastly Appendage |    18 |     8 ||    26
       Spider Form       |     2 |     3 ||     5
  Use: Scroll            |       |     2 ||     2
       Potion            |       |     1 ||     1
Armor: Skin              |    22 |    27 ||    49
Dodge: Dodged            |    67 |    62 ||   129

Table legend: (Time is in decaauts)
 A = Elapsed time spent in this place.
 B = Non-inter-level travel time spent in this place.
 C = Inter-level travel time spent in this place.
 D = Time resting spent in this place.
 E = Time spent auto-exploring this place.
 F = Levels seen in this place.
 G = Mean time per level.
                   A        B        C        D        E       F      G
               +--------+--------+--------+--------+--------+-----+--------+
         Total |   2653 |   2594 |     59 |    122 |   2097 |   3 |  884.3 |
       Dungeon |   2653 |   2594 |     59 |    122 |   2097 |   3 |  884.3 |
               +--------+--------+--------+--------+--------+-----+--------+

Top non-repeatable levels by time:
     D:2: 1399 daAuts
     D:1: 1083 daAuts
     D:3: 169 daAuts
